Map: Eternal Empire LE

Players

puCK (Nina) - Winner!

  • Race: Protoss Protoss
  • League: Grandmaster
  • Spawn Location: 7:00

llllllllllll (Vindicta)

  • Race: Terran Terran
  • League: Master
  • Spawn Location: 1:00

Event: Cheeseadelphia XI, Cheeseadelphia XI

VOD

Have the link to the VOD?

Description

Time

  • Played on: Dec. 15, 2019, 12:16 p.m.
  • Length: 12:46

All games in this series

Show
View Real Time Build Order
Export as new Build Order

puCK Protoss - Winner!

Build Orders: Oracle Opening 

Get SALT Encoding   

  12  0:00  Probe  
  13  0:12  Probe  
  14  0:19  Pylon  
  14  0:25  Probe  
  15  0:37  Probe (Chrono Boost), Gateway  
  16  0:42  Assimilator  
  16  0:49  Probe (Chrono Boost)  
  17  0:55  Probe (Chrono Boost)  
  18  1:03  Probe  
  19  1:15  Probe  
  20  1:24  Cybernetics Core  
  20  1:33  Probe  
  20  1:36  Assimilator  
  20  1:37  Pylon  
  21  1:45  Probe  
  22  1:54  Nexus  
  22  2:00  Probe, Adept (Chrono Boost)  
  25  2:12  Probe  
  25  2:22  Stargate  
  25  2:24  Stalker (Chrono Boost)  
  25  2:29  Probe  
  28  2:41  Probe  
  28  2:42  Warp Gate, Pylon  
  29  2:54  Probe  
  30  3:00  Stalker  
  32  3:13  Oracle (Chrono Boost)  
  32  3:15  Probe  
  32  3:17  Probe  
  35  3:27  Probe  
  35  3:29  Probe  
  35  3:30  Gateway  
  37  3:40  Probe, Oracle (Chrono Boost)  
  39  3:41  Probe  
  42  3:52  Probe  
  42  3:53  Probe  
  44  3:58  Pylon  
  44  4:04  Probe  
  44  4:05  Probe  
  44  4:07  Oracle (Chrono Boost)  
  44  4:08  Gateway  
  46  4:16  Probe  
  50  4:17  Probe  
  50  4:19  Shield Battery  
  51  4:27  Twilight Council  
  51  4:28  Assimilator, Probe  
  51  4:29  Probe  
  51  4:30  Zealot  
  55  4:34  Zealot  
  57  4:40  Probe  
  57  4:41  Probe  
  59  4:50  Stalker  
  59  4:52  Probe  
  60  4:58  Pylon  
  59  5:06  Probe  
  57  5:07  Probe  
  58  5:18  Nexus  
  58  5:24  Probe  
  58  5:30  Oracle  
  58  5:31  Stalker x2  
  58  5:33  Probe  
  58  5:35  Charge  
  63  5:43  Probe  
  63  5:45  Probe, Shield Battery  
  65  5:56  Probe  
  66  5:57  Probe  
  67  6:04  Pylon  
  67  6:05  Pylon  
  67  6:07  Phoenix  
  67  6:08  Probe  
  70  6:16  Gateway  
  70  6:19  Gateway  
  70  6:22  Probe x2, Zealot x3  
  78  6:27  Gateway  
  78  6:31  Gateway  
  78  6:37  Probe  
  79  6:40  Probe  
  80  6:48  Sentry x3  
  83  6:54  Probe x2  
  83  6:55  Probe  
  86  7:02  Gateway  
  86  7:06  Probe (Chrono Boost)  
  86  7:07  Probe (Chrono Boost)  
  88  7:10  Forge  
  88  7:11  Probe (Chrono Boost), Forge  
  88  7:15  Zealot x3  
  95  7:16  Pylon  
  95  7:18  Probe (Chrono Boost)  
  95  7:20  Probe (Chrono Boost)  
  97  7:26  Probe (Chrono Boost)  
  97  7:27  Templar Archives  
  97  7:29  Zealot  
  100  7:43  Nexus  
  100  7:46  Probe x2  
  100  7:48  Protoss Ground Weapons Level 1 (Chrono Boost)  
  100  7:49  Protoss Ground Armor Level 1 (Chrono Boost)  
  102  7:56  Nexus  
  102  7:57  Probe  
  103  8:05  Probe  
  104  8:08  Probe, Pylon  
  104  8:09  Probe, Pylon  
  104  8:12  High Templar  
  108  8:19  Pylon  
  108  8:21  Probe, Pylon, Robotics Facility  
  108  8:24  Assimilator, Pylon  
  108  8:26  Probe x2  
  111  8:27  Pylon  
  111  8:28  High Templar  
  111  8:32  Archon  
  111  8:33  Probe  
  114  8:35  Zealot x3  
  114  8:38  Probe x2  
  119  8:45  Probe  
  120  8:50  Probe x2  
  120  8:51  Gateway x2  
  122  8:58  Probe, High Templar x2  
  122  9:00  Probe  
  122  9:02  Probe x2  
  130  9:03  Archon  
  130  9:07  Pylon  
  130  9:09  Probe  
  131  9:10  Probe  
  131  9:11  Pylon  
  131  9:12  Probe  
  131  9:16  Warp Prism (Chrono Boost), Robotics Bay  
  133  9:17  Nexus  
  133  9:23  Robotics Bay  
  135  9:24  Probe x2  
  135  9:25  Probe  
  136  9:31  Zealot  
  136  9:34  Blink  
  136  9:35  Zealot x4  
  146  9:40  Pylon  
  146  9:42  Pylon, Zealot x2  
  146  9:44  Protoss Ground Weapons Level 2 (Chrono Boost)  
  150  9:47  Gateway  
  150  9:53  Gateway  
  150  9:55  Gateway  
  150  9:57  Protoss Ground Armor Level 2 (Chrono Boost), Warp Prism (Chrono Boost)  
  150  9:58  Gateway  
  150  10:08  Pylon  
  150  10:15  Stalker x3  
  156  10:21  Zealot x2  
  156  10:22  Zealot x2  
  156  10:25  Zealot  
  156  10:26  Gravitic Drive, Zealot x2  
  170  10:37  Photon Cannon  
  170  10:38  Probe x2, Photon Cannon  
  156  10:52  Zealot x6  
  156  10:53  Zealot x6  
  156  10:54  Zealot x2  
  183  10:57  Probe x3  
  183  10:59  Probe x2  
  183  11:00  Probe  
  183  11:03  Robotics Facility  
  188  11:09  Probe x3  
  173  11:29  Zealot x6  
  173  11:30  Zealot x8  
  173  11:32  Probe  
  178  11:33  Probe  
  178  11:37  Probe  
  178  11:38  Probe  
  143  11:50  Nexus  
  143  11:53  Probe  
  143  11:54  Probe x2  
  145  11:56  Unknown  
  145  11:57  Nexus, High Templar x4  
  145  11:58  Zealot x3  
  145  11:59  Zealot x5  
  145  12:01  Archon x2  
  170  12:03  Observer x2 (Chrono Boost)  
  172  12:10  Pylon  
  172  12:12  Nexus  
  172  12:14  Pylon, Zealot  
  172  12:15  Zealot  
  176  12:19  Pylon  
  176  12:20  Zealot x2  
  176  12:21  Zealot x4  
  188  12:29  Zealot x4  
Show
View Real Time Build Order
Export as new Build Order

llllllllllll Terran 

Build Orders: Reaper Expand 

Get SALT Encoding   

  12  0:00  SCV  
  13  0:12  SCV  
  14  0:17  Supply Depot  
  14  0:24  SCV  
  15  0:38  SCV  
  15  0:40  Barracks  
  16  0:44  Refinery  
  16  0:50  SCV  
  17  1:03  SCV  
  18  1:15  SCV  
  19  1:27  Reaper  
  19  1:28  Orbital Command  
  20  1:48  Command Center  
  20  1:55  SCV  
  21  2:01  Barracks Reactor  
  21  2:05  Supply Depot  
  21  2:07  SCV  
  22  2:09  Refinery  
  22  2:19  SCV  
  22  2:22  Factory  
  23  2:29  Bunker  
  23  2:33  SCV  
  24  2:38  Marine  
  24  2:39  Marine  
  26  2:45  SCV  
  27  2:55  Marine  
  27  2:57  Marine, SCV  
  27  3:11  SCV  
  29  3:19  Starport  
  27  3:21  Orbital Command  
  27  3:24  SCV  
  28  3:29  Hellion x2  
  28  3:31  Barracks Tech Lab  
  32  3:36  SCV  
  33  3:43  Supply Depot  
  33  3:48  SCV  
  33  3:50  Hellion  
  33  3:52  Hellion  
  38  3:55  SCV  
  38  4:00  SCV  
  39  4:03  Barracks Tech Lab  
  39  4:07  Banshee  
  39  4:09  Cloaking Field  
  42  4:14  SCV x2  
  44  4:26  Siege Tank, SCV  
  44  4:28  Marine, SCV  
  44  4:29  Marine  
  44  4:30  Supply Depot  
  51  4:38  SCV  
  51  4:41  SCV  
  53  4:46  Marine  
  53  4:52  SCV, Marine, Banshee  
  59  4:53  SCV  
  58  5:04  Marine, SCV  
  58  5:05  SCV  
  55  5:09  Command Center  
  55  5:10  Cyclone  
  55  5:13  Marine  
  55  5:16  SCV  
  55  5:17  SCV  
  44  5:28  SCV  
  44  5:29  SCV  
  45  5:40  SCV  
  43  5:53  Cyclone  
  43  5:55  SCV  
  47  5:58  SCV  
  48  6:08  SCV  
  48  6:10  SCV  
  50  6:20  Stimpack, SCV  
  50  6:22  SCV  
  50  6:23  Orbital Command  
  52  6:31  Barracks  
  52  6:32  SCV, Barracks  
  53  6:34  SCV, Marauder, Factory Reactor  
  53  6:36  Starport Reactor  
  56  6:44  SCV  
  56  6:46  SCV  
  54  6:49  SCV  
  55  6:56  SCV  
  55  6:58  Marauder, SCV  
  59  7:01  SCV  
  59  7:02  Engineering Bay  
  59  7:03  Engineering Bay  
  59  7:06  Refinery x2  
  59  7:08  SCV  
  61  7:11  SCV  
  61  7:13  Widow Mine  
  66  7:15  Widow Mine  
  66  7:17  SCV  
  66  7:20  Marauder  
  66  7:21  Supply Depot  
  66  7:22  Marine  
  69  7:23  SCV  
  69  7:27  Medivac  
  69  7:28  Medivac, SCV  
  73  7:33  Terran Infantry Weapons Level 1  
  73  7:35  Terran Infantry Armor Level 1  
  68  7:39  SCV  
  68  7:40  Marine  
  68  7:41  SCV x2  
  71  7:47  Missile Turret  
  71  7:49  Combat Shield  
  71  7:51  SCV  
  72  7:53  SCV  
  76  8:00  Supply Depot  
  76  8:01  Marauder  
  76  8:03  SCV  
  76  8:04  Widow Mine  
  76  8:05  Widow Mine  
  81  8:09  SCV  
  81  8:10  Concussive Shells  
  81  8:11  Marine x2  
  85  8:14  Orbital Command  
  85  8:15  Supply Depot  
  85  8:18  Marauder  
  84  8:22  Supply Depot  
  84  8:26  Marine  
  86  8:31  Missile Turret  
  86  8:32  Barracks  
  86  8:33  Marine  
  86  8:34  SCV, Barracks  
  86  8:37  Widow Mine  
  86  8:39  SCV  
  86  8:40  Marauder  
  90  8:43  SCV  
  90  8:46  SCV  
  90  8:48  Marine  
  93  8:50  Marine  
  93  8:51  Marine, SCV  
  93  8:55  SCV  
  97  8:58  SCV  
  97  9:00  Supply Depot  
  99  9:04  SCV  
  99  9:05  Ghost Academy  
  99  9:06  Widow Mine  
  99  9:09  Marauder  
  102  9:11  SCV  
  102  9:13  SCV  
  102  9:15  Marine  
  102  9:16  Marauder, SCV  
  107  9:21  Barracks Reactor  
  107  9:22  Barracks Tech Lab  
  107  9:23  SCV  
  107  9:27  Marine, Widow Mine x2  
  107  9:30  SCV  
  115  9:34  Refinery  
  115  9:35  Refinery, Enhanced Shockwaves  
  115  9:37  Ghost x2  
  117  9:39  SCV  
  117  9:40  SCV  
  117  9:42  SCV  
  120  9:47  Ghost  
  120  9:51  SCV  
  122  9:54  Marine  
  122  9:55  Marine, SCV  
  122  9:56  Armory  
  124  10:00  Supply Depot x2  
  124  10:04  Supply Depot  
  124  10:05  Ghost  
  128  10:08  Marine  
  128  10:10  Medivac  
  128  10:11  Widow Mine  
  132  10:16  SCV  
  132  10:17  Widow Mine  
  132  10:18  Supply Depot  
  132  10:20  Supply Depot  
  132  10:21  Sensor Tower, Ghost  
  133  10:23  SCV x2  
  133  10:27  Marine  
  137  10:29  SCV  
  137  10:31  Marine  
  137  10:32  Widow Mine  
  137  10:33  Marine  
  137  10:34  Marine  
  143  10:35  Marine x2, SCV  
  146  10:43  Supply Depot  
  146  10:46  Widow Mine  
  137  10:50  Marine x2  
  137  10:55  Widow Mine  
  144  11:02  Command Center  
  144  11:04  Marauder  
  141  11:06  Marauder  
  141  11:10  Supply Depot  
  141  11:11  Medivac, Marine  
  145  11:12  Marine  
  145  11:15  Marine x2  
  149  11:18  Medivac  
  142  11:26  Marine  
  142  11:27  Marauder  
  142  11:30  Marine x2, Marauder  
  125  11:33  Marine x2  
  125  11:39  Widow Mine  
  114  11:44  Marine  
  105  11:47  Marine  
  105  11:48  Marine, Marauder  
  105  11:49  Medivac, Widow Mine  
  105  11:50  Medivac  
  105  11:51  Marine x2, SCV  
  118  11:56  Ghost  
  118  11:59  SCV x2  
  118  12:01  Widow Mine  
  124  12:03  SCV  
  127  12:09  Marine x3  
  127  12:10  Widow Mine  
  127  12:11  SCV  
  127  12:14  SCV  
  132  12:16  Marine x2, SCV, Marauder  
  127  12:25  Marine  
  127  12:26  Marine  
  127  12:27  Marine x2  
Tags
 
Add a new tag
Caveats
  • Supply blocks, unpowered buildings, or Contaminate may cause inaccurate times.
  • Supply counts are checked every 10 seconds.